 Dungeon Crawl Stone Soup version 0.28.0 (webtiles) character file.

Game seed: 6386452019064864492

338 Minsecho the Chiller (level 6, -9/42 HPs)
             Began as a Merfolk Ice Elementalist on Feb 5, 2022.
             Mangled by a mummy (10 damage)
             ... in an ossuary.
             The game lasted 00:07:00 (4427 turns).

Minsecho the Chiller (Merfolk Ice Elementalist)     Turns: 4427, Time: 00:07:03

Health: -9/42      AC: 10    Str: 14 (17) XL:     6   Next: 55%
Magic:  11/12      EV: 11    Int: 11 (14) God:
Gold:   229        SH:  5    Dex: 11 (14) Spells: 6/13 levels left

rFire   + . .      SeeInvis .   p - +0 dagger (venom)
rCold   . . .      Faith    .   (no shield)
rNeg    . . .      Spirit   .   g - +2 ring mail {rF+}
rPois   .          Reflect  +   (no helmet)
rElec   .          Harm     .   (no cloak)
rCorr   .          Rampage  .   (no gloves)
Will    .....                   (no boots)
Stlth   +.........              b - amulet of reflection
HPRegen 0.14/turn               u - +6 ring of strength
MPRegen 0.13/turn               (no ring)

@: mighty, ice-armoured, unable to read
A: (nimble swimmer 2), mertail, inability to read while threatened
a: no special abilities


You were in an ossuary.
You visited 1 branch of the dungeon, and saw 6 of its levels.
You also visited: Ossuary.

You collected 229 gold pieces.

Inventory:

Hand Weapons
 l - a +0 war axe
 p - a +0 dagger of venom (weapon)
Missiles
 f - a throwing net
Armour
 a - a +0 robe
 g - a +2 ring mail of fire resistance (worn)
 y - a +2 chain mail of cold resistance
Jewellery
 b - an amulet of reflection (around neck)
 u - a +6 ring of strength (left hand)
Wands
 o - a wand of flame (20)
Scrolls
 d - a scroll of enchant armour {unknown}
 h - a scroll of holy word {unknown}
 j - a scroll of enchant weapon {unknown}
 q - 2 scrolls of teleportation {unknown}
 r - 2 scrolls of fog {unknown}
 s - a scroll of acquirement {unknown}
 t - a scroll of immolation {unknown}
 z - a scroll of identify
Potions
 c - 3 potions of attraction
 e - a potion of haste {unknown}
 i - 3 potions of lignification
 n - a potion of flight {unknown}
 x - a potion of brilliance {unknown}


   Skills:
 + Level 0.7 Fighting
 + Level 1.0 Armour
 + Level 3.8 Dodging
 + Level 2.2 Stealth
 + Level 0.3 Shields
 + Level 4.0 Spellcasting
 + Level 6.3 Ice Magic


You had 6 spell levels left.
You knew the following spells:

 Your Spells              Type           Power      Damage    Failure   Level
a - Freeze                Ice            64%        1d8       3%          1
b - Frozen Ramparts       Ice            32%        1d5       11%         3
c - Ozocubu's Armour      Ice            16%        N/A       11%         3

Your spell library contained the following spells:

 Spells                   Type           Power      Damage    Failure   Level
 Hailstorm                Conj/Ice       9%         3d4       80%         4
 Fireball                 Conj/Fire      1%         3d3       100%        5
 Starburst                Conj/Fire      1%         6d3       100%        6
 Ignition                 Fire           1%         3d3       100%        8


Dungeon Overview and Level Annotations

Branches:
Dungeon (6/15)            Ossuary (1/1)
 Temple: D:4-7

Altars:
Cheibriados
Nemelex Xobeh


Innate Abilities, Weirdness & Mutations

((You are very nimble when in or above water. (Stealth+, EV+, Speed+++)))
Your lower body shifts to a powerful aquatic tail in water.
You sometimes lose the ability to read scrolls when taking damage.


Message History

The orc zombie is severely damaged.
The orc zombie hits you but does no damage.
The mummy hits you!
You barely miss the orc zombie.
The orc zombie is severely damaged.
The orc zombie barely misses you.
You barely miss the orc zombie.
The orc zombie is severely damaged.
You hit the mummy but do no damage. You hit the mummy.
The mummy is lightly damaged.
You block the mummy's attack. The mummy hits you!
You hit the mummy.
The mummy is lightly damaged.
You block the mummy's attack.
You hit the mummy.
The mummy is moderately damaged.
The mummy closely misses you. The mummy misses you.
You hit the mummy.
The mummy is moderately damaged.
You block the mummy's attack. The mummy hits you!
* * * LOW HITPOINT WARNING * * *
You block the mummy's attack.
You feel better. The mummy completely misses you.
It was a potion of degeneration.
There was something very wrong with that liquid.
You feel weakened.
You feel dopey.
You feel clumsy. The mummy hits you!
* * * LOW HITPOINT WARNING * * *
The mummy barely misses you.
It was a potion of mutation.
You feel extremely strange.
You lose the ability to read scrolls when threatened.
You block the mummy's attack.
It was a potion of might.
You feel very mighty all of a sudden. The mummy hits you.
You feel threatened and lose the ability to read scrolls!
* * * LOW HITPOINT WARNING * * *
The mummy hits you!
You die...

#....#
#....#
#....#
#....#
#....#
#....#
#Z...#
#MM..#
#@MZ.#
######


You could see 3 mummies and 2 orc zombies.

Vanquished Creatures
  2 hounds
  A jelly (D:5)
  An iguana (D:4)
  5 orc wizards
  3 adders
  A worm (D:2)
  6 orcs
  2 ball pythons
  6 bats
  10 endoplasms
  5 giant cockroaches
  A goblin (D:1)
  5 hobgoblins
  2 jackals (D:3)
  A kobold (D:3)
  4 quokkas
  2 frilled lizards (D:2)
  2 hobgoblin zombies (Ossuary)
  A kobold zombie (Ossuary)
  2 orc zombies (Ossuary)
  5 rats
67 creatures vanquished.

Notes
Turn   | Place    | Note
-------+----------+-------------------------------------------
     0 | D:1      | Minsecho the Merfolk Ice Elementalist began the quest for
                  | the Orb.
     0 | D:1      | Reached XP level 1. HP: 13/13 MP: 3/3
   337 | D:1      | Reached XP level 2. HP: 19/19 MP: 1/5
   876 | D:1      | Reached skill level 5 in Ice Magic
  1252 | D:2      | Reached XP level 3. HP: 10/24 MP: 0/6
  2319 | D:3      | Found a snail-covered altar of Cheibriados.
  2815 | D:4      | Reached XP level 4. HP: 26/30 MP: 3/7
  2854 | D:4      | Noticed an ogre
  2963 | D:3      | Learned a level 3 spell: Frozen Ramparts
  2967 | D:3      | Learned a level 3 spell: Ozocubu's Armour
  3350 | D:4      | Reached XP level 5. HP: 34/36 MP: 4/9
  3367 | D:4      | Reached skill level 6 in Ice Magic
  3383 | D:4      | Reached XP level 6. HP: 21/42 MP: 8/11
  3698 | D:5      | Entered Level 5 of the Dungeon
  4108 | D:5      | Noticed a sky beast
  4143 | D:5      | You fall into a shaft and drop 1 floor!
  4145 | D:6      | Found a sparkling altar of Nemelex Xobeh.
  4147 | D:6      | Noticed a two-headed ogre
  4176 | D:5      | Reached skill level 1 in Armour
  4223 | D:5      | Found a sand-covered staircase.
  4228 | Ossuary  | Entered an ossuary
  4426 | Ossuary  | Gained mutation: You sometimes lose the ability to read
                  | scrolls when taking damage. [potion of mutation]
  4427 | Ossuary  | HP: 1/42 [mummy (5)]
  4427 | Ossuary  | Mangled by a mummy

Illustrated notes

Levels and vault maps discovered:
D:1:      beargit_arrival_greenhouse, layout_basic
D:2:      cheibrodos_helix_gallery, layout_loops_corners, st_stairs_6
D:3:      layout_rooms, cheibriados_altar_1
D:4:      layout_rooms, minmay_a_box_with_orc_wizards_in_it
D:5:      layout_basic, nicolae_ossuary_entry_plus
D:6:      layout_cave_pools, nemelex_xobeh_ov_fountains_minmay,
          minmay_temple_entry_sparse_star, gammafunk_ghost_abyssal_escape
Ossuary:  ossuary_tomb_3

Skill      XL: |  1  2  3  4  5  6 |
---------------+-------------------+-----
Dodging        | 3 |  3.8
Ice Magic      | 5 6 |  6.3
Spellcasting   | 3 4 |  4.0
Armour         | 1 |  1.0
Fighting       | |  0.7
Stealth        | |  2.2
Shields        | |  0.3

Action                   |  1- 3 |  4- 6 || total
-------------------------+-------+-------++-------
Melee: Unarmed           |     6 |       ||     6
       Dagger            |     5 |    88 ||    93
 Cast: Freeze            |    63 |    41 ||   104
       Ozocubu's Armour  |       |     2 ||     2
  Use: Scroll            |       |     3 ||     3
       Potion            |       |     4 ||     4
Armor: Robe              |     4 |       ||     4
       Ring mail         |    10 |    38 ||    48
Dodge: Dodged            |    28 |    48 ||    76
Block: Other             |    11 |    26 ||    37
       Reflection        |       |     4 ||     4
